 Dungeon Crawl Stone Soup version 0.27-a0-1051-g288ea87c7c (webtiles) character file.

Game seed: 11922893973201787638

353 leviel the Covered (level 6, -2/55 HPs)
             Began as a Minotaur Fighter on Apr 20, 2021.
             Killed from afar by an orc wizard (4 damage)
             ... with a puff of flame
             ... on level 5 of the Dungeon.
             The game lasted 00:04:46 (3661 turns).

leviel the Covered (Minotaur Fighter)               Turns: 3661, Time: 00:04:46

Health: -2/55      AC:  7    Str: 20 (23) XL:     6   Next: 35%
Magic:  5/5        EV:  8    Int:  2 (5)  God:
Gold:   232        SH:  9    Dex:  7 (9)  Spells: 5/5 levels left

rFire    . . .     SeeInvis .   a - +0 war axe
rCold    . . .     Faith    .   c - +0 kite shield
rNeg     . . .     Spirit   .   b - +0 scale mail
rPois    .         Reflect  .   (helmet restricted)
rElec    .         Harm     .   (no cloak)
rCorr    +         Rampage  .   (no gloves)
Will     .....                  (no boots)
Stlth    ..........             (no amulet)
HPRegen  0.18/turn              n - ring of resist corrosion
MPRegen  0.09/turn              (no ring)

@: brilliant
A: horns 2, retaliatory headbutt
a: no special abilities


You were on level 5 of the Dungeon.
You visited 1 branch of the dungeon, and saw 5 of its levels.

You collected 232 gold pieces.

Inventory:

Hand Weapons
 a - a +0 war axe (weapon)
Armour
 b - a +0 scale mail (worn)
 c - a +0 kite shield (worn)
Jewellery
 n - a ring of resist corrosion (left hand)
Wands
 r - a wand of acid (12)
Scrolls
 e - a scroll of amnesia {unknown}
 g - 4 scrolls of identify {unknown}
 h - a scroll of fog {unknown}
 i - a scroll of enchant armour {unknown}
 l - a scroll of enchant weapon {unknown}
 m - a scroll of teleportation {unknown}
 p - a scroll of magic mapping {unknown}
 q - a scroll of summoning {unknown}
 t - a scroll of brand weapon {unknown}
 u - a scroll of acquirement {unknown}
Potions
 d - 4 potions of might
 f - a potion of flight
 o - a potion of attraction {unknown}
 s - a potion of degeneration


   Skills:
 + Level 4.8 Fighting
 + Level 5.1 Axes
 + Level 5.3 Armour
 + Level 0.8 Dodging
 + Level 0.2 Stealth
 + Level 5.1 Shields


You had 5 spell levels left.
You didn't know any spells.
Your spell library contained the following spells:

 Spells                   Type           Power      Damage    Failure   Level
 Corona                   Hex            0%         N/A       99%         1
 Shock                    Conj/Air       0%         1d3       99%         1
 Slow                     Hex            0%         N/A       100%        2
 Static Discharge         Conj/Air       0%         N/A       100%        2
 Inner Flame              Hex/Fire       0%         N/A       100%        3
 Portal Projectile        Hex/Tloc       0%         N/A       100%        3
 Swiftness                Air            0%         N/A       100%        3
 Airstrike                Air            0%         N/A       100%        4
 Cause Fear               Hex            0%         N/A       100%        4
 Leda's Liquefaction      Hex/Erth       0%         N/A       100%        4
 Lightning Bolt           Conj/Air       0%         1d11      100%        5


Dungeon Overview and Level Annotations

Branches:
Dungeon (5/15)
 Temple: D:4-7

Altars:
Kikubaaqudgha
Nemelex Xobeh

Shops:
D:2 =


Innate Abilities, Weirdness & Mutations

You have a pair of horns on your head.
You reflexively headbutt those who attack you in melee.


Message History

The puff of flame hits you!
* * * LOW HITPOINT WARNING * * *
You closely miss something. You headbutt something.
Something hits you but does no damage.
You barely miss something. Your headbutt misses something.
You hear some strange, mumbled words.
A puff of flame appears from out of thin air!
The puff of flame misses you. Something hits you.
* * * LOW HITPOINT WARNING * * *
You miss something.
You hear some strange, mumbled words.
You are confused.
You're too confused to move!
Something hits you but does no damage.
An orc wizard appears from thin air!
Reactivating autopickup.
The orc wizard hits you but does no damage.
You bump into the rock wall.
The orc wizard casts a spell at you. The magic dart hits you.
* * * LOW HITPOINT WARNING * * *
You bump into the rock wall.
You feel less confused.
The orc wizard points at itself and mumbles some strange words.
The orc wizard flickers and vanishes!
Deactivating autopickup; reactivate with Ctrl-A.
It was a potion of degeneration.
There was something very wrong with that liquid.
You feel weakened.
You feel dopey.
You feel clumsy. Something hits you but does no damage.
The jelly jiggles.
You hear some strange, mumbled words.
A puff of flame appears from out of thin air!
The puff of flame hits you.
* * * LOW HITPOINT WARNING * * *
It was a potion of brilliance.
You feel clever all of a sudden.
You hear some strange, mumbled words.
A puff of flame appears from out of thin air!
The puff of flame hits you.
You die...

# . # ###.
#.##.. #.##.#
##....#
#..#..#####
#.##......#
##.##@####.##
#..J{.#
#..###
#..####
##...#####
#).#
###.....####
#).#
#####.....
#..# ####..
...# #....#
..... #<####
._..... ###


You could see a jelly.

Vanquished Creatures
  2 orc priests
  A gnoll shaman (D:4)
  2 orc wizards
  A hound skeleton (D:4)
  6 gnolls (D:4)
  4 adders
  An adder skeleton (D:4)
  2 worms
  A dart slug (D:2)
  16 orcs
  7 endoplasms
  3 giant cockroaches
  3 goblins
  8 hobgoblins
  5 jackals
  A quokka (D:1)
  12 ball pythons
  6 bats
  3 frilled lizards
  6 kobolds
  3 rats
93 creatures vanquished.

Notes
Turn   | Place    | Note
-------+----------+-------------------------------------------
     0 | D:1      | leviel the Minotaur Fighter began the quest for the Orb.
     0 | D:1      | Reached XP level 1. HP: 19/19 MP: 0/0
   252 | D:1      | Reached XP level 2. HP: 22/27 MP: 1/1
  1063 | D:2      | Reached XP level 3. HP: 33/33 MP: 2/2
  1161 | D:2      | Found Meisom Etopt's Jewellery Shoppe.
  1997 | D:3      | Reached XP level 4. HP: 39/40 MP: 3/3
  2912 | D:4      | Reached XP level 5. HP: 46/46 MP: 4/4
  2959 | D:4      | Reached skill level 5 in Armour
  2986 | D:4      | Reached skill level 5 in Shields
  3010 | D:4      | Reached skill level 5 in Axes
  3010 | D:4      | Reached XP level 6. HP: 8/53 MP: 5/5
  3436 | D:4      | Found a sparkling altar of Nemelex Xobeh.
  3602 | D:5      | Entered Level 5 of the Dungeon
  3632 | D:5      | Found an ancient bone altar of Kikubaaqudgha.
  3660 | D:5      | HP: 2/55 [something/puff of flame (4)]
  3661 | D:5      | Killed from afar by an orc wizard

Illustrated notes

Levels and vault maps discovered:
D:1:      dpeg_arrival_connections, layout_loops_ring
D:2:      layout_basic, serial_shops, shop, grunt_decor_cap, serial_park_tiny_1
D:3:      layout_basic, minmay_cut_off
D:4:      layout_rooms, nemelex_xobeh_ov_fountains_minmay
D:5:      layout_rooms, grunt_temple_overflow_open, serial_shops, shop

Skill      XL: |  1  2  3  4  5 |
---------------+----------------+-----
Shields        | 4 5 |  5.1
Fighting       | 4 |  4.8
Axes           | 3 4 5 |  5.1
Armour         | 4 5 |  5.3
Dodging        | |  0.8
Stealth        | |  0.2

Action                   |  1- 3 |  4- 6 || total
-------------------------+-------+-------++-------
Melee: War axe           |    89 |   100 ||   189
       Headbutt          |    11 |    14 ||    25
  Use: Potion            |       |     5 ||     5
Armor: Scale mail        |    44 |    51 ||    95
Dodge: Dodged            |    27 |    37 ||    64
Block: Kite shield       |    45 |    50 ||    95

Table legend: (Time is in decaauts)
 A = Elapsed time spent in this place.
 B = Non-inter-level travel time spent in this place.
 C = Inter-level travel time spent in this place.
 D = Time resting spent in this place.
 E = Time spent auto-exploring this place.
 F = Levels seen in this place.
 G = Mean time per level.
                   A        B        C        D        E       F      G
               +--------+--------+--------+--------+--------+-----+--------+
         Total |   3758 |   3684 |     74 |    445 |   2615 |   5 |  751.6 |
       Dungeon |   3758 |   3684 |     74 |    445 |   2615 |   5 |  751.6 |
               +--------+--------+--------+--------+--------+-----+--------+

Top non-repeatable levels by time:
     D:3: 1189 daAuts
     D:4: 998 daAuts
     D:1: 753 daAuts
     D:2: 752 daAuts
     D:5: 64 daAuts
